 Dungeon Crawl Stone Soup version 0.27.1-15-g792fb953b9 (webtiles) character file.

Game seed: 7471151550103035084

1 zeram the Sneak (level 1, 0/14 HPs)
             Began as an Octopode Brigand on Nov 18, 2021.
             Slain by a jackal (2 damage)
             ... on level 1 of the Dungeon.
             The game lasted 00:00:17 (23 turns).

zeram the Sneak (Octopode Brigand)                    Turns: 23, Time: 00:00:17

Health: 0/14       AC:  1    Str: 10    XL:     1   Next: 20%
Magic:  1/1        EV: 12    Int: 13    God:
Gold:   0          SH:  0    Dex: 13    Spells: 0/0 levels left

rFire    . . .     SeeInvis .   a - +2 dagger
rCold    . . .     Faith    .   (no shield)
rNeg     . . .     Spirit   .   (helmet restricted)
rPois    .         Reflect  .   (no amulet)
rElec    .         Harm     .   (no ring)
rCorr    .         Rampage  .   (no ring)
Will     .....                  (no ring)
Stlth    ++++......             (no ring)
HPRegen  0.04/turn              (no ring)
MPRegen  0.07/turn              (no ring)
                                (no ring)
                                (no ring)

@: no status effects
A: almost no armour, amphibious, 8 rings, camouflage 1, gelatinous body 1,
(nimble swimmer 1), tentacles
a: no special abilities


You were on level 1 of the Dungeon.
You visited 1 branch of the dungeon, and saw 1 of its levels.

Inventory:

Hand Weapons
 a - a +2 dagger (weapon)
Missiles
 b - 8 poisoned darts (quivered)
 c - 2 curare-tipped darts


   Skills:
 - Level 2.0 Fighting
 + Level 2.0 Short Blades
 - Level 2.0 Throwing
 + Level 1.0 Dodging
 + Level 5.4 Stealth


You couldn't memorise any spells.
You didn't know any spells.
Your spell library was empty.

Dungeon Overview and Level Annotations

Branches:
Dungeon (1/15)

Altars:


Innate Abilities, Weirdness & Mutations

You cannot wear most types of armour.
You are amphibious.
You can wear up to eight rings at the same time.
Your skin changes colour to match your surroundings (Stealth+).
Your rubbery body absorbs attacks. (AC +1, EV +1)
((You are camouflaged near water. (Stealth+)))
You have tentacles for arms and can constrict up to eight enemies at once.


Message History

You see here 3 gold pieces.
A hobgoblin is nearby!
A hobgoblin is nearby!
A hobgoblin is nearby!
Found a scroll labelled VINEUR APNEER.
A jackal comes into view.
Found a tubular onyx ring.
A jackal comes into view.
Found a whip.
The jackal barks!
A jackal comes into view. x2
You closely miss the hobgoblin.
The hobgoblin shouts!
The jackal barks! x3
Your grab misses the hobgoblin. The hobgoblin hits you.
You hit the jackal. Your grab misses the jackal.
The jackal is moderately wounded.
The jackal bites you.
An endoplasm comes into view.
The hobgoblin hits you. The jackal bites you.
You barely miss the jackal. Your grab misses the jackal.
You squeeze the jackal.
You kill the jackal!
The hobgoblin hits you.
You are too injured to fight recklessly!
You are too injured to fight recklessly!
You are too injured to fight recklessly!
Unknown command.
You hit the hobgoblin. You grab the hobgoblin.
The hobgoblin is moderately wounded.
You constrict the hobgoblin, but do no damage.
The hobgoblin hits you. The jackal bites you.
* * * LOW HITPOINT WARNING * * *
You release your grip on the hobgoblin.
The jackal misses you. The jackal bites you.
* * * LOW HITPOINT WARNING * * *
The jackal closely misses you. The jackal closely misses you.
The jackal bites you.
You die...

....=......# .######
........##.###...#...
.)........#.............#
...........(...........###
#.......................##
#................. ...#..#
.###.......gJ......# .......
......†....hh@.....###......≈
.......?....h......#......≈≈≈
.....................<#
...............$...>.##
...........#.....#......≈≈≈
......#############....≈≈≈≈
...... #....≈≈≈≈ ######
##..≈≈≈≈≈ #..≈≈≈≈≈


You could see an endoplasm, 3 jackals and a hobgoblin.

Vanquished Creatures
  A jackal (D:1)
1 creature vanquished.

Notes
Turn   | Place    | Note
-------+----------+-------------------------------------------
     0 | D:1      | zeram the Octopode Brigand began the quest for the Orb.
     0 | D:1      | Reached XP level 1. HP: 14/14 MP: 1/1
    23 | D:1      | Slain by a jackal

Illustrated notes

Levels and vault maps discovered:
D:1:      dpeg_arrival_water_altar, layout_rooms, minmay_worlds_worst_comb

Action                   || total
-------------------------++-------
Melee: Dagger            ||     4
       Constrict         ||     1
       Tentacles         ||     1
Dodge: Dodged            ||     3
